 Dungeon Crawl Stone Soup version 0.24-a0-130-ga3c21ff (webtiles) character file.

Game seed: 12755514734859351801

487 Borgoz the Ruffian (level 7, -1/59 HPs)
             Began as a Ghoul Enchanter on Feb 26, 2019.
             Was an Initiate of Ashenzari.
             Slain by Duvessa
             ... wielding a +1 rapier of electrocution
              (10 damage)
             ... on level 5 of the Dungeon.
             The game lasted 00:07:14 (3398 turns).

Borgoz the Ruffian (Ghoul Enchanter)                Turns: 3398, Time: 00:07:14

Health: -1/59      AC:  2    Str: 16 (17) XL:     7   Next: 13%
Magic:  1/8        EV: 13    Int: 14 (15) God:    Ashenzari [......]
Gold:   299        SH:  0    Dex:  9 (11) Spells: 6/9 levels left

rFire    . . .     SeeInvis .     - Unarmed
rCold    + . .     Gourm    .   (no shield)
rNeg     + + +     Faith    .   b - +0 robe
rPois    ∞         Spirit   .   (no helmet)
rElec    .         Reflect  .   (no cloak)
rCorr    .         Harm     .   (no gloves)
MR       .....                  (no boots)
Stlth    ++........             (no amulet)
HPRegen  0.00/turn              h - +6 ring of slaying
MPRegen  0.11/turn              (no ring)

@: mighty, brilliant, very slightly contaminated, rotting
A: rotting body, claws 1, carnivore, cold resistance 1, negative energy
resistance 3, inhibited regeneration, torment resistance, unbreathing
a: Curse Item, Renounce Religion


You were on level 5 of the Dungeon.
You worshipped Ashenzari.
Ashenzari was noncommittal.
You were not hungry.

You visited 1 branch of the dungeon, and saw 5 of its levels.

You collected 299 gold pieces.

Inventory:

Armour
 b - a +0 robe (worn)
 t - a +0 leather armour
Jewellery
 h - a +6 ring of slaying (left claw)
 r - an uncursed ring of ice
 u - an uncursed ring of protection from cold
Scrolls
 a - 5 scrolls of enchant weapon
 c - 5 scrolls of teleportation
 e - 2 scrolls of amnesia {unknown}
 f - 2 scrolls of remove curse
 g - 2 scrolls of identify
 n - a scroll of immolation {unknown}
 p - a scroll of enchant armour {unknown}
 q - a scroll of fear {unknown}
Potions
 i - a potion of degeneration
 j - a potion of ambrosia {unknown}
 k - 4 potions of curing
Comestibles
 d - 7 rations


   Skills:
 + Level 4.3 Fighting
   Level 0.8 Short Blades
 + Level 4.1 Dodging
 - Level 3.2 Stealth
 + Level 4.3 Unarmed Combat
 - Level 1.7 Spellcasting
 - Level 2.4 Hexes


You had 6 spell levels left.
You knew the following spells:

 Your Spells              Type           Power        Failure   Level  Hunger
a - Corona                Hex            ###....      1%          1    ##.....
b - Ensorcelled Hibernat  Hex/Ice        ##....       2%          2    ###....

Your spell library contained the following spells:

 Spells                   Type           Power        Failure   Level  Hunger
 Confuse                  Hex            ###.....     3%          3    ####...
 Tukima's Dance           Hex            ###.....     3%          3    ####...
 Dazzling Spray           Conj/Hex       ##....       5%          3    ####...


Dungeon Overview and Level Annotations

Branches:
Dungeon (5/15)
 Temple: D:4-7

Altars:
Ashenzari
Qazlal
Ru
Uskayaw

Annotations:
D:5 Dowan, Duvessa


Innate Abilities, Weirdness & Mutations

Your body is rotting away.
You thrive on raw meat.
You are immune to poison.
You have sharp fingernails.
You are carnivorous and can eat meat at any time.
Your flesh is cold resistant. (rC+)
You are immune to negative energy. (rN+++)
You do not regenerate when monsters are visible.
You are immune to unholy pain and torment.
You can survive without breathing.


Message History

Press: ? - help, Shift-Dir - straight line, f/p - Duvessa
Aim: Duvessa, wielding a +1 rapier of electrocution and wearing a +0 leather armour (moderately wounded, chance to defeat MR: 27%)
You miscast Ensorcelled Hibernation.
Nothing appears to happen.
Duvessa hits you with a +1 rapier of electrocution.
Casting: Ensorcelled Hibernation (safe; 2% risk of failure)
Confirm with . or Enter, or press ? or * to list all spells.
You don't have enough magic to cast that spell.
Unknown command.
Casting: Ensorcelled Hibernation (safe; 2% risk of failure)
Confirm with . or Enter, or press ? or * to list all spells.
You don't have enough magic to cast that spell.
It was a potion of might.
You feel very mighty all of a sudden.
Duvessa hits you with a +1 rapier of electrocution!
* * * LOW HITPOINT WARNING * * *
Okay, then.
You scratch Duvessa.
Duvessa is moderately wounded.
Duvessa hits you with a +1 rapier of electrocution!
You die...

#.#........#
#.##########
#.# #.# #.#
#.# #.#
#.#########
#..@ee.....
###########


You could see Duvessa and Dowan.

Vanquished Creatures
  A phantom (D:5)
  A necrophage (D:5)
  An ogre (D:5)
  A centaur zombie (D:5)
  An orc wizard (D:4)
  A worker ant (D:5)
  5 adders
  2 oozes (D:1)
  An adder zombie (D:3)
  3 worms
  3 dart slugs
  2 leopard geckos
  4 orcs
  7 giant cockroaches
  5 goblins
  7 hobgoblins
  5 kobolds
  A quokka (D:5)
  A ball python (D:4)
  7 bats
  A frilled lizard (D:1)
  8 rats
68 creatures vanquished.

Notes
Turn   | Place    | Note
-------+----------+-------------------------------------------
     0 | D:1      | Borgoz the Ghoul Enchanter began the quest for the Orb.
     0 | D:1      | Reached XP level 1. HP: 14/14 MP: 2/2
   156 | D:1      | Reached XP level 2. HP: 20/21 MP: 3/3
   198 | D:1      | Reached skill level 1 in Unarmed Combat
   240 | D:1      | Reached skill level 1 in Fighting
   867 | D:1      | Reached XP level 3. HP: 26/28 MP: 4/4
  1057 | D:2      | Reached XP level 4. HP: 33/36 MP: 5/5
  1482 | D:3      | Learned a level 2 spell: Ensorcelled Hibernation
  1483 | D:3      | Found a stormy altar of Qazlal.
  1640 | D:3      | Found a sacrificial altar of Ru.
  2146 | D:4      | Found a shattered altar of Ashenzari.
  2162 | D:4      | Became a worshipper of Ashenzari the Shackled
  2326 | D:4      | Reached XP level 5. HP: 30/42 MP: 6/6
  2474 | D:4      | Found a hide-covered altar of Uskayaw.
  2635 | D:5      | Entered Level 5 of the Dungeon
  2705 | D:5      | Noticed a necrophage
  2722 | D:5      | Killed a necrophage
  2722 | D:5      | Reached XP level 6. HP: 18/51 MP: 7/7
  3157 | D:5      | Noticed a phantom
  3182 | D:5      | Killed a phantom
  3182 | D:5      | Reached XP level 7. HP: 24/59 MP: 4/8
  3383 | D:5      | Noticed Duvessa
  3384 | D:5      | Noticed Dowan
  3398 | D:5      | Slain by Duvessa

Levels and vault maps discovered:
D:1:      elethiomel_arrival_infinity_welcomes_careful_drivers,
          layout_loops_ring, serial_forest, infiniplex_forest_clump_tiny,
          infiniplex_forest_clump_small, infiniplex_forest_straight_4,
          infiniplex_forest_corner_1, infiniplex_forest_straight_2,
          infiniplex_forest_straight_4, infiniplex_forest_clump_double,
          infiniplex_forest_lined_3_way
D:2:      layout_rooms, serial_curves, eino_curves_04, eino_curves_02,
          eino_curves_02
D:3:      layout_loops_ring, nicolae_ru_sacrificial_ziggurat,
          nicolae_qazlal_general_emergency
D:4:      layout_basic, eat_drink_and_be_merry_uskayaw, old_standard_altar,
          first_ration
D:5:      layout_basic, minmay_temple_entry_large_hall, uniq_duvessa

Skill      XL: |  1  2  3  4  5  6 |
---------------+-------------------+-----
Dodging        | 2 3 4 |  4.1
Unarmed Combat | 1 2 3 4 |  4.3
Fighting       | 1 2 3 4 |  4.3
Short Blades   | |  0.8
Stealth        | |  3.2
Spellcasting   | |  1.7
Hexes          | |  2.4

Action                   |  1- 3 |  4- 6 |  7- 9 || total
-------------------------+-------+-------+-------++-------
Melee: Unarmed           |    78 |   130 |     2 ||   210
 Cast: Corona            |     1 |     2 |       ||     3
       Ensorcelled Hiber |       |       |     2 ||     2
  Use: Scroll            |       |     4 |       ||     4
       Potion            |       |       |     7 ||     7
 Stab: Sleeping          |     9 |     6 |       ||    15
  Eat: Chunk             |     7 |    15 |       ||    22
Armor: Robe              |    11 |    13 |       ||    24
Dodge: Dodged            |    43 |    56 |     1 ||   100

Table legend:
 A = Non-vault XP
 B = Vault XP
 C = Vault XP percentage of total XP
 D = Non-vault monster count
 E = Vault monster count
 F = Vault count percentage of total count
                 A         B        C        D         E       F
            +---------+---------+-------+---------+---------+-------
      Total |     697 |       0 |   0.0 |      68 |       0 |   0.0
            +---------+---------+-------+---------+---------+-------
        D:1 |      35 |       0 |   0.0 |      16 |       0 |   0.0
        D:2 |      70 |       0 |   0.0 |      22 |       0 |   0.0
        D:3 |      52 |       0 |   0.0 |      17 |       0 |   0.0
        D:4 |      52 |       0 |   0.0 |       5 |       0 |   0.0
        D:5 |     488 |       0 |   0.0 |       8 |       0 |   0.0
            +---------+---------+-------+---------+---------+-------
